 Dungeon Sprint DCSS version 0.28.0-53-g5a82cb258f (webtiles) character file.

Game seed: 7417814395599869730

3600000 Zeld the Intangible (level 20, -35/181 HPs)
             Began as a Djinni Monk on June 5, 2022.
             Was the Champion of Makhleb.
             Annihilated by a destroyer
             ... wielding a +9 vorpal great sword
              (216 damage)
             ... in the Dungeon (Sprint VIII: "Arena of Blood").
             The game lasted 00:00:47 (36 turns).

Zeld the Intangible (Djinni Monk)                     Turns: 36, Time: 00:00:48

Health: -35/181    AC:  2    Str: 16    XL:     20   Next: 95%
Gold:   0          EV: 32    Int: 11    God:    Makhleb [******] SH:  0 Dex: 20

rFire   + + .      SeeInvis .   g - +∞ Axe of Woe
rCold   x . .      Faith    .   (shield currently unavailable)
rNeg    . . .      Spirit   .   a - +0 robe
rPois   ∞          Reflect  .   (no helmet)
rElec   .          Harm     .   (no cloak)
rCorr   .          Rampage  .   (no gloves)
Will    ++...      NoTele   +   (boots unavailable)
Stlth   ++++......              (no amulet)
HPRegen 0.40/turn               (no ring)
MPRegen 0.00/turn               (no ring)

@: flying
A: sickness immunity, fire resistance 2, cold vulnerability 1, float, innate
caster, HP casting, extra vitality 1
a: Renounce Religion, Minor Destruction, Lesser Servant of Makhleb, Major
Destruction, Greater Servant of Makhleb


You were in the Dungeon.
You worshipped Makhleb.
Makhleb was exalted by your worship.
You visited 1 branch

Inventory:

Hand Weapons
 g - the +∞ Axe of Woe (weapon)
   (You found it in the Dungeon)
Armour
 a - a +0 robe (worn)
Scrolls
 f - a scroll of blinking
Potions
 b - a potion of curing
 c - a potion of heal wounds
 d - a potion of haste
 e - a potion of berserk rage


   Skills:
 O Level 27 Fighting
 O Level 27 Axes
 O Level 27 Dodging
 - Level 6.5 Stealth
 - Level 17.0 Unarmed Combat
 O Level 27 Spellcasting
 O Level 27 Invocations


You had 36 spell levels left.
You knew the following spells:

 Your Spells              Type           Power      Damage    Failure   Level
a - Beastly Appendage     Tmut           100%       N/A       0%          1
b - Ensorcelled Hibernat  Hex/Ice        100%       N/A       0%          2
c - Wereblood             Tmut           65%        N/A       0%          2
d - Fulminant Prism       Conj/Hex       32%        3d16      0%          4
e - Airstrike             Air            32%        N/A       0%          4
f - Iskenderun's Battles  Conj           65%        2d11      0%          5
g - Simulacrum            Ice/Necr       32%        N/A       0%          6
h - Starburst             Conj/Fire      32%        6d10      0%          6
i - Storm Form            Tmut/Air       32%        N/A       1%          7
Your spell library was empty.

Dungeon Overview and Level Annotations

Branches:
Dungeon (1/1)

Altars:
Makhleb


Innate Abilities, Weirdness & Mutations

You are immune to sickness and miasma.
You are immune to poison.
Your flesh is very heat resistant. (rF++)
You are vulnerable to cold. (rC-)
You float through the air rather than walking.
You learn spells naturally, not from books.
Your magical power is your life essence.
You have superior vitality. (+4 MHP)


Message History

You have mastered Invocations!
You have reached level 20!
You feel agile.
Unknown command.
You slash the destroyer!
You hew the destroyer savagely.
You destroy the destroyer!
Makhleb accepts your kill.
You slash the bag of meat!
You hew the bag of meat savagely.
You kill the bag of meat!
Makhleb accepts your kill.
You hear a shout! x3
A sculptor of flesh comes into view. It is wielding a +9 great sword.
You hear a shout!
A bag of meat comes into view. It is wielding a +9 war axe.
You hear a shout! x2
Your Spellcasting skill gained 4 levels and is now at level 26!
Unknown command.
You open the destroyer like a pillowcase!!!
You hew the destroyer savagely.
You destroy the destroyer!
Makhleb accepts your kill.
You slash the bag of meat!
You pulverise the bag of meat into a thin bloody mist.
You kill the bag of meat!
Makhleb accepts your kill.
You hear a shout! x3
A bag of meat comes into view. It is wielding a +9 war axe.
You hear a shout!
A bag of meat comes into view. It is wielding a +9 war axe.
You hear a shout!
A meat berserker comes into view. It is wielding a +9 battleaxe.
A bag of meat comes into view. It is wielding a +9 war axe.
You hear a shout! x3
You have mastered Spellcasting!
Unknown command.
Unknown command.
You hear a shout! x4
The destroyer hits you with a +9 vorpal great sword!!!!!
Ouch! That really hurt!
You die...

....... .. .....
.. #.... ..# O.
#... ..#
o..###..o ..###.
o§......###......
#.o..o)))_.......
....#)))..#.... .
#_@<)_# . #.)VOz#
......)_).......
......###..o....
..###.o. o.###..
. #... ..# . #...
..# ... ... ..
....


You could see a destroyer, a sculptor of flesh, a meat berserker (berserk) and 4
bags of meat.

Vanquished Creatures
  3 vampire knights (D)
  10 ogres (D)
  14 orcs (D)
27 creatures vanquished.

Notes
Turn   | Place    | Note
-------+----------+-------------------------------------------
     0 | D        | Found the +∞ Axe of Woe
     0 | D        | Zeld the Djinni Monk began the quest for the Orb.
     0 | D        | Reached XP level 1. HP: 20/20 MP: 0/0
     2 | D        | Noticed a meat berserker
     2 | D        | Noticed a bag of meat
     4 | D        | Became a worshipper of Makhleb the Destroyer
     4 | D        | Reached * piety under Makhleb
     4 | D        | Reached ** piety under Makhleb
     5 | D        | Killed a meat berserker
     6 | D        | Reached XP level 2. HP: 46/46 MP: 0/0
     6 | D        | Reached XP level 3. HP: 51/51 MP: 0/0
     6 | D        | Learned a level 1 spell: Beastly Appendage
     6 | D        | Reached XP level 4. HP: 58/58 MP: 0/0
     6 | D        | Reached XP level 5. HP: 64/64 MP: 0/0
     6 | D        | Learned a level 2 spell: Ensorcelled Hibernation
     6 | D        | Reached XP level 6. HP: 70/70 MP: 0/0
     6 | D        | Reached XP level 7. HP: 76/76 MP: 0/0
     6 | D        | Learned a level 2 spell: Wereblood
     6 | D        | Reached XP level 8. HP: 82/82 MP: 0/0
     6 | D        | Reached XP level 9. HP: 88/88 MP: 0/0
     6 | D        | Learned a level 4 spell: Fulminant Prism
     6 | D        | Reached XP level 10. HP: 94/94 MP: 0/0
     6 | D        | Reached XP level 11. HP: 100/100 MP: 0/0
     6 | D        | Learned a level 4 spell: Airstrike
     6 | D        | Reached XP level 12. HP: 106/106 MP: 0/0
     6 | D        | Noticed a bag of meat
     6 | D        | Noticed a meat berserker
     6 | D        | Noticed a bag of meat
     7 | D        | Noticed a bag of meat
     7 | D        | Noticed a bag of meat
     8 | D        | Noticed a meat berserker
     8 | D        | Noticed a bag of meat
    10 | D        | Killed a meat berserker
    10 | D        | Noticed a bag of meat
    11 | D        | Reached skill level 5 in Spellcasting
    11 | D        | Reached XP level 13. HP: 116/116 MP: 0/0
    11 | D        | Learned a level 5 spell: Iskenderun's Battlesphere
    11 | D        | Killed a bag of meat
    11 | D        | Killed a meat berserker
    11 | D        | Reached *** piety under Makhleb
    11 | D        | Noticed a bag of meat
    11 | D        | Noticed a bag of meat
    12 | D        | Reached skill level 10 in Axes
    12 | D        | Reached XP level 14. HP: 109/128 MP: 0/0
    12 | D        | Killed a bag of meat
    12 | D        | Killed a bag of meat
    12 | D        | Killed a bag of meat
    12 | D        | Reached **** piety under Makhleb
    12 | D        | Noticed a bag of meat
    13 | D        | Reached skill level 10 in Spellcasting
    13 | D        | Reached XP level 15. HP: 137/137 MP: 0/0
    13 | D        | Learned a level 6 spell: Simulacrum
    14 | D        | Noticed a meat berserker
    16 | D        | Reached skill level 15 in Invocations
    16 | D        | Reached XP level 16. HP: 142/145 MP: 0/0
    17 | D        | Killed a meat berserker
    17 | D        | Reached ***** piety under Makhleb
    18 | D        | Reached skill level 15 in Axes
    19 | D        | Reached XP level 17. HP: 156/156 MP: 0/0
    19 | D        | Learned a level 6 spell: Starburst
    19 | D        | Noticed a destroyer
    19 | D        | Noticed a meat berserker
    20 | D        | Reached skill level 27 in Dodging
    21 | D        | Reached skill level 15 in Spellcasting
    22 | D        | Noticed a meat berserker
    22 | D        | Noticed a meat berserker
    23 | D        | Killed a destroyer
    24 | D        | Reached skill level 27 in Fighting
    24 | D        | Reached XP level 18. HP: 128/167 MP: 0/0
    24 | D        | Noticed a meat berserker
    25 | D        | Killed a meat berserker
    25 | D        | Killed a meat berserker
    25 | D        | Reached ****** piety under Makhleb
    27 | D        | Killed a meat berserker
    28 | D        | Reached XP level 19. HP: 174/174 MP: 0/0
    28 | D        | Learned a level 7 spell: Storm Form
    28 | D        | Killed a meat berserker
    29 | D        | Noticed a meat berserker
    29 | D        | Noticed a destroyer
    30 | D        | Noticed a meat berserker
    31 | D        | Noticed a destroyer
    32 | D        | Noticed a destroyer
    32 | D        | Killed a meat berserker
    32 | D        | Noticed a meat berserker
    33 | D        | Reached skill level 27 in Axes
    33 | D        | Killed a meat berserker
    34 | D        | Reached skill level 27 in Invocations
    34 | D        | Reached XP level 20. HP: 181/181 MP: 0/0
    34 | D        | Killed a destroyer
    35 | D        | Killed a destroyer
    35 | D        | Noticed a meat berserker
    36 | D        | Reached skill level 27 in Spellcasting
    36 | D        | Annihilated by a destroyer

Illustrated notes

Levels and vault maps discovered:
D:        meatsprint

Skill      XL: |  1  2  3  4  5  6  7  8  9 10 11 12 13 14 15 16 17 18 19 20 |
---------------+-------------------------------------------------------------+-----
Fighting       | 17 19 21 22 23 25 27 | 27.0
Dodging        | 18 20 22 24 25 26 27 | 27.0
Stealth        | 6 |  6.5
Unarmed Combat | 17 | 17.0
Axes           | 6 10 12 13 16 20 24 27 | 27.0
Spellcasting   | 5 9 10 12 13 16 19 22 27 | 27.0
Invocations    | 7 11 14 15 17 20 23 27 | 27.0

Action                   |  1- 3 |  4- 6 |  7- 9 | 10-12 | 13-15 | 16-18 | 19-21 || total
-------------------------+-------+-------+-------+-------+-------+-------+-------++-------
Melee: Executioner's axe |     1 |       |       |     1 |     4 |     8 |     6 ||    20
 Cast: Simulacrum        |       |       |       |       |       |     1 |       ||     1
 Stab: Distracted        |       |       |       |       |       |     1 |       ||     1
Dodge: Dodged            |       |       |       |     1 |       |     1 |       ||     2
